 Dungeon Crawl Stone Soup version 0.31-a0-931-g7b59d4eb97 (webtiles) character file.

Game seed: 2557304996821602323

48813 Forgeling the Thaumaturge (level 14, -6/98 HPs)
             Began as a Mummy Necromancer on Oct 18, 2023.
             Was a High Priest of Sif Muna.
             Splashed by a goliath frog's acid (10 damage)
             ... summoned by a worldbinder
             ... summoned by a glowing orange brain
             ... in a Gauntlet on Oct 19, 2023.
             The game lasted 01:17:53 (17202 turns).

Forgeling the Thaumaturge (Mummy Necromancer)      Turns: 17202, Time: 01:17:54

Health: -6/98      AC:  4    Str: 11    XL:     14   Next: 13%
Magic:  29/41      EV: 12    Int: 20    God:    Sif Muna [*****.]
Gold:   827        SH:  0    Dex: 12    Spells: 13/42 levels left

rFire   + . .        a - staff of fire
rCold   + . .        x - orb {*channel}
rNeg    + + +        C - +2 robe {Will+}
rPois   ∞            A - +2 hat {SInv}
rElec   .            B - +1 cloak
rCorr   .            o - +2 pair of gloves {infuse}
SInv    +            p - +0 pair of boots
Will    ++...        g - amulet of regeneration
Stlth   ++           r - ring of magical power
HPRegen 1.16/turn    w - ring of protection from fire
MPRegen 0.27/turn

%: no teleportation, faith, channel magic (20%), infuse magic (1 MP)
@: corroded, slowed, very slow
A: cold resistance 1, negative energy resistance 3, torment resistance 2, heat
vulnerability 1, in touch with death 2, no potions, faith
a: Renounce Religion, Channel Magic, Forget Spell, Divine Exegesis


You were in a Gauntlet.
You worshipped Sif Muna.
Sif Muna was extremely pleased with you.
You visited 2 branches of the dungeon, and saw 16 of its levels.
You also visited: Bailey and Gauntlet.

You collected 827 gold pieces.

Inventory:

Missiles
 f - 3 boomerangs
 l - 13 atropa-tipped darts
 t - 18 poisoned darts
 u - 2 throwing nets
Armour
 k - a scarf of invisibility
 m - a +2 helmet
 o - a +2 pair of gloves of infusion (worn)
 p - a +0 pair of boots (worn)
 x - an orb of energy (worn)
 z - a +0 buckler
 A - a +2 hat of see invisible (worn)
 B - a +1 cloak (worn)
 C - a +2 robe of willpower (worn)
 I - a +0 pair of gloves
Magical Staves
 a - a staff of fire (weapon)
 b - a staff of death
Jewellery
 g - an amulet of regeneration (around neck)
 r - a ring of magical power (left hand)
 v - a ring of flight
 w - a ring of protection from fire (right hand)
 y - an amulet of guardian spirit
 G - a ring of willpower
 H - a ring of ice
Wands
 d - a wand of digging (10)
 e - a wand of charming (22)
 h - a wand of acid (3)
 i - a wand of iceblast (23)
 j - a wand of polymorph (6)
 q - a wand of flame (56)
Scrolls
 c - 2 scrolls of enchant armour
 n - 3 scrolls of enchant weapon
 s - a scroll of amnesia
 F - 2 scrolls of fog
 K - a scroll of immolation
 O - a scroll of silence
 P - 2 scrolls of poison
 S - 4 scrolls of butterflies
 X - 2 scrolls of revelation {@r4}
 Y - 6 scrolls of teleportation {@r3}
 Z - 3 scrolls of identify {@r1}


   Skills:
 - Level 5.0 Fighting
 - Level 1.5 Dodging
 - Level 1.5 Stealth
 + Level 14.6 Spellcasting
 - Level 9.7 Conjurations
 - Level 9.3 Necromancy
 + Level 10.7 Fire Magic
 - Level 5.0 Invocations
 - Level 7.0 Evocations


You had 13 spell levels left.
You knew the following spells:

 Your Spells              Type           Power      Damage    Failure   Level
a - Flame Wave            Conj/Fire      70%        2d16      4%          4
b - Necrotise             Necr           100%       1d9       1%          1
c - Cigotuvi's Dreadful   Necr/Pois/Air  100%       N/A       8%          2
f - Vampiric Draining     Necr           86%        2d12      2%          3
g - Ignite Poison         Fire/Tmut/Pois 43%        N/A       11%         3
r - Agony                 Necr           86%        N/A       10%         5
s - Sticky Flame          Conj/Fire      70%        2d8       4%          4
v - Scorch                Fire           100%       2d9       1%          2
x - Fireball              Conj/Fire      35%        3d15      8%          5

Your spell library contained the following spells:

 Spells                   Type           Power      Damage    Failure   Level
 Foxfire                  Conj/Fire      100%       2x1d9     1%          1
 Magic Dart               Conj           100%       1d8       1%          1
 Searing Ray              Conj           100%       2d8       1%          2
 Animate Dead             Necr           86%        N/A       4%          4
 Inner Flame              Hex/Fire       52%        N/A       6%          3
 Volatile Blastmotes      Fire/Tloc      100%       2d18      6%          3
 Dazzling Flash           Conj/Hex       68%        N/A       8%          3
 Hailstorm                Conj/Ice       34%        3d9       8%          3
 Mephitic Cloud           Conj/Pois/Air  27%        N/A       12%         3
 Apportation              Tloc           28%        N/A       13%         1
 Sting                    Tmut/Pois      56%        1d5       13%         1
 Fulminant Prism          Conj/Hex       17%        3d11      17%         4
 Blink                    Tloc           28%        N/A       19%         2
 Jinxbite                 Hex            28%        N/A       19%         2
 Starburst                Conj/Fire      35%        6d10      24%         6
 Frozen Ramparts          Ice            28%        1d5       30%         3
 Freezing Cloud           Conj/Ice/Air   13%        6-21      54%         5
 Animate Armour           Summ/Erth      28%        N/A       63%         4
 Manifold Assault         Tloc           14%        N/A       63%         4
 Petrify                  Tmut/Erth      14%        N/A       63%         4
 Summon Ice Beast         Ice/Summ       14%        N/A       63%         4
 Orb of Destruction       Conj           26%        9d9       77%         7
 Bombard                  Conj/Erth      17%        9d3       83%         6
 Conjure Ball Lightning   Conj/Air       17%        3x3d6     83%         6
 Simulacrum               Ice/Necr       33%        N/A       86%         6
 Alistair's Intoxication  Tmut/Pois      9%         N/A       90%         5
 Metabolic Englaciation   Hex/Ice        7%         N/A       90%         5
 Summon Forest            Summ/Tloc      7%         N/A       90%         5
 Summon Mana Viper        Hex/Summ       14%        N/A       90%         5
 Ignition                 Fire           36%        3d11      99%         8
 Summon Cactus Giant      Summ           7%         N/A       100%        6
 Monstrous Menagerie      Summ           7%         N/A       100%        7
 Ozocubu's Refrigeration  Ice            7%         4d9       100%        7
 Summon Hydra             Summ           7%         N/A       100%        7
 Infestation              Necr           43%        N/A       100%        8
 Lehudib's Crystal Spear  Conj/Erth      17%        10d5      100%        8
 Maxwell's Capacitive Co  Air            7%         ∞         100%        8
 Fire Storm               Conj/Fire      35%        8d9       100%        9


Dungeon Overview and Level Annotations

Branches:
Dungeon (11/15)            Temple (0/1) D:7            Lair (5/5) D:9
 Shoals (0/4) Lair:3       Spider (0/4) Lair:2       Bailey (visited)
Gauntlet (1/1)
  Slime: Lair:4-5       Orc: D:9-12

Altars:
Ashenzari
Cheibriados
Dithmenos
Fedhas
Gozag
Hepliaklqana
Kikubaaqudgha
Makhleb
Nemelex Xobeh
Okawaru
Qazlal
Ru
Sif Muna
Trog
Uskayaw
Vehumet
Wu Jian
Xom
Yredelemnul

Shops:
D:9 ([(((

Annotations:
D:11 3 runed translucent doors, hattop's ghost, journeyman DrIE Gauntlet 13 transporters


Innate Abilities, Weirdness & Mutations

You are immune to poison.
Your flesh is cold resistant. (rC+)
You are immune to negative energy. (rN+++)
You are immune to unholy pain and torment.
You are vulnerable to heat. (rF-)
You are strongly in touch with the powers of death.
You do not drink.
You have a special connection with the divine. (Faith)


Message History

The acid corrodes you!
You are splashed with acid!
* * * LOW HITPOINT WARNING * * *
Okay, then.
Unknown command.
Unknown command.
Unknown command.
Unknown command.
Unknown command.
You can't drink.
Okay, then.
Unknown command.
Unknown command.
Unknown command.
Unknown command.
Okay, then.
Unknown command.
Unknown command.
Unknown command.
Unknown command.
Unknown command.
Okay, then.
Unknown command.
Unknown command.
Unknown command.
Unknown command.
Unknown command.
Unknown command.
Unknown command.
Unknown command.
Unknown command.
Unknown command.
Aiming: Charm
Press: ? - help, Shift-Dir - straight line, f/p - cyan ugly thing
Aim: a cyan ugly thing (heavily wounded, chance to affect: 49%)
The cyan ugly thing is charmed.
The torpor snail bites your cyan ugly thing!
The goliath frog hits you!
* * * LOW HITPOINT WARNING * * *
The acid corrodes you!
You are splashed with acid!
You die...

≈#..?.©[|.9#...#G.)[©.u.§#≈#...u©
≈#..##.##..#...#.#.....#§#≈#..#..
≈#.##...##.#...#G##...##.#≈#.####
§#. .....#.#...#.^#####^.#≈##..#.
...©....#...#..§.©...§#8#....©
≈#.#.....#.#...#xF##^##§§#≈##..#.
≈#.##...##.#...#n##...##§#≈#G##..
≈#..##.##..#...#F#u....#§#≈#G.#..
≈#Y........#...#@uw.....§#≈#...#.
############...##################
......©#.....≈.....#©...........©
.#######....≈8≈....#######.######
.#...........≈...........#.#.....
.###########...###########.#.....
.#........b#...#.........#.#..###
.#.#^...^#.#...#..##.##..#.#..#8#
.#..##.##.b#...#.#..#..#.#.#..###


You could see a cyan ugly thing, a torpor snail (summoned, ally target), a
glowing orange brain, 2 goliath frogs, a worldbinder (summoned), a bog body
(summoned), a fire bat and a friendly cyan ugly thing (charmed, slow).

Vanquished Creatures
  Gastronok (D:8)
  4 hydras
  Erica (D:8)
  A catoblepas (Gauntlet)
  6 death yaks (Lair:4)
  2 two-headed ogres (D:9)
  Nergalle (D:11)
  A skyshark (Lair:4)
  A glowing orange brain (Gauntlet)
  Pikel (D:7)
  A manticore (Lair:3)
  6 elephants (Lair:4)
  4 black mambas
  A gargoyle (Gauntlet)
  Jeremiah (D:7)
  4 unseen horror zombies (D:9)
  8 cane toads
  Psyche (D:11)
  6 rime drakes
  6 komodo dragons
  A freezing wraith (D:9)
  5 trolls
  A queen bee (Lair:2)
  3 meliai (Lair:2)
  2 polar bears
  A wind drake (Lair:3)
  19 blink frogs
  11 dream sheep (Lair:4)
  Prince Ribbit (D:7)
  A jumping spider (Lair:2)
  5 slime creatures (D:10)
  6 wyverns
  A wraith (D:11)
  A shadow (D:9)
  A vampire (D:9)
  35 yaks
  7 basilisks
  2 steam dragons (D:8)
  A redback (Lair:2)
  6 vampire mosquitoes
  2 acid dragons
  13 water moccasins
  Duvessa (D:5)
  3 black bears
  4 orc warriors
  2 sky beasts
  An ice beast (D:7)
  3 wolves (Lair:2)
  7 centaurs
  A lemure (D:7)
  Blork the orc (D:5)
  A wyvern zombie (D:9)
  3 gnoll sergeants
  13 bullfrogs
  A scorpion (D:5)
  5 wights
  Dowan (D:5)
  44 killer bees
  3 electric eels
  A howler monkey (D:8)
  3 centaur zombies (D:9)
  2 jellies
  6 hounds
  Crazy Yiuf (D:5)
  9 orc priests
  2 gnoll boudas (D:5)
  4 sleepcaps
  Ijyb (D:5)
  4 iguanas (D:5)
  Natasha (thrice) (D:2)
  9 orc wizards
  4 hell rats (Lair:2)
  Robin (D:2)
  28 gnolls
  2 howler monkey zombies (D:9)
  6 adders
  2 shadow imps
  A white imp (D:5)
  3 ufetubi
  2 worms
  3 dart slugs
  34 orcs
  6 bats
  4 endoplasms
  2 giant cockroaches
  15 goblins
  10 hobgoblins
  2 jackals (D:4)
  2 quokkas
  7 ball pythons
  11 frilled lizards
  6 kobolds
  6 rats
  A butterfly (Lair:4)
479 creatures vanquished.

Vanquished Creatures (collateral kills)
  An orc wizard (D:5)
  2 gnolls
  2 orcs
  A quokka (D:2)
  A rat (D:1)
7 creatures vanquished.

Vanquished Creatures (others)
  An orc (D:11)
1 creature vanquished.

Grand Total: 487 creatures vanquished

Notes
Turn   | Place    | Note
-------+----------+-------------------------------------------
     0 | D:1      | Forgeling the Mummy Necromancer began the quest for the
                  | Orb.
     0 | D:1      | Reached XP level 1. HP: 13/13 MP: 4/4
   240 | D:1      | Reached XP level 2. HP: 16/19 MP: 2/5
  1018 | D:2      | Noticed Natasha
  1022 | D:2      | Killed Natasha
  1023 | D:2      | Reached skill level 5 in Necromancy
  1023 | D:2      | Reached XP level 3. HP: 24/24 MP: 4/7
  1078 | D:2      | Noticed Robin
  1289 | D:2      | Noticed Natasha
  1296 | D:2      | Killed Natasha
  1297 | D:2      | Reached XP level 4. HP: 17/30 MP: 0/8
  1307 | D:2      | Learned a level 3 spell: Vampiric Draining
  1310 | D:2      | Learned a level 2 spell: Cigotuvi's Dreadful Rot
  1589 | D:2      | Killed Robin
  1796 | D:2      | Noticed Natasha
  1801 | D:2      | Killed Natasha
  1940 | D:3      | Reached XP level 5. HP: 35/35 MP: 7/9
  2042 | D:3      | Found a faded altar of an unknown god.
  2205 | D:3      | Reached XP level 6. HP: 40/41 MP: 4/10
  2402 | D:3      | Found a shimmering blue altar of Sif Muna.
  2440 | D:3      | Became a worshipper of Sif Muna the Loreminder
  2759 | D:3      | You fall into a shaft and drop 2 floors!
  2759 | D:5      | Entered Level 5 of the Dungeon
  2761 | D:5      | Found a bloodstained altar of Trog.
  2801 | D:4      | Reached skill level 3 in Spellcasting
  2878 | D:4      | Reached * piety under Sif Muna
  2977 | D:3      | Reached skill level 4 in Spellcasting
  3364 | D:4      | Reached XP level 7. HP: 34/46 MP: 7/13
  3446 | D:4      | Found a sparkling altar of Nemelex Xobeh.
  3959 | D:5      | Reached skill level 5 in Spellcasting
  4082 | D:5      | Noticed Dowan
  4118 | D:5      | Killed Dowan
  4144 | D:5      | Learned a level 5 spell: Agony
  4215 | D:5      | Found a radiant altar of Vehumet.
  4232 | D:5      | Reached skill level 6 in Spellcasting
  4272 | D:5      | Noticed Duvessa
  4281 | D:5      | Killed Duvessa
  4281 | D:5      | Reached ** piety under Sif Muna
  4382 | D:5      | Noticed Ijyb
  4420 | D:5      | Killed Ijyb
  4444 | D:5      | Reached XP level 8. HP: 41/52 MP: 2/18
  4568 | D:5      | Noticed Blork the orc
  4577 | D:5      | Reached skill level 7 in Spellcasting
  4584 | D:5      | Killed Blork the orc
  4680 | D:5      | Found a broken altar of Ashenzari.
  4826 | D:5      | Reached skill level 8 in Spellcasting
  4860 | D:5      | Reached skill level 9 in Spellcasting
  5173 | D:5      | Found a runed translucent door.
  5174 | D:5      | Noticed Crazy Yiuf
  5305 | D:5      | Found a burning altar of Makhleb.
  5372 | D:5      | Killed Crazy Yiuf
  5602 | D:6      | Found an opulent altar of Gozag.
  5674 | D:6      | Reached skill level 10 in Spellcasting
  6117 | D:6      | Reached skill level 1 in Fighting
  6317 | D:7      | Noticed Jeremiah
  6369 | D:7      | Found a shadowy altar of Dithmenos.
  6379 | D:7      | Found a stormy altar of Qazlal.
  6403 | D:7      | Reached *** piety under Sif Muna
  6404 | D:7      | Reached XP level 9. HP: 54/59 MP: 12/23
  6438 | D:7      | Reached skill level 1 in Evocations
  6454 | D:7      | Found a hide-covered altar of Uskayaw.
  6595 | D:7      | Found a flagged portal.
  6631 | Bailey   | Entered a bailey
  6820 | Bailey   | Reached **** piety under Sif Muna
  7066 | D:7      | Noticed Pikel
  7096 | D:7      | Killed Pikel
  7097 | D:7      | Reached skill level 11 in Spellcasting
  7201 | D:7      | Killed Jeremiah
  7304 | D:7      | Noticed Prince Ribbit
  7311 | D:7      | Killed Prince Ribbit
  7312 | D:7      | Reached skill level 12 in Spellcasting
  7401 | D:7      | Found a staircase to the Ecumenical Temple.
  7474 | D:7      | Found an iron altar of Okawaru.
  7509 | D:7      | Reached XP level 10. HP: 62/71 MP: 24/26
  7638 | D:7      | Found a shimmering altar of Xom.
  7639 | D:7      | Found a hazy altar of Hepliaklqana.
  8032 | D:8      | Noticed Erica
  8041 | D:8      | Killed Erica
  8042 | D:8      | Reached skill level 5 in Fighting
  8042 | D:8      | Reached skill level 13 in Spellcasting
  8100 | D:8      | Noticed Gastronok
  8134 | D:8      | Reached skill level 1 in Fire Magic
  8164 | D:8      | Killed Gastronok
  8785 | D:9      | Found Roivitor's Armour Shop.
  8863 | D:9      | Found a staircase to the Lair.
  8868 | D:9      | Found a sacrificial altar of Ru.
  8916 | D:9      | Found Osiuf's Antique Weapon Shop.
  8928 | D:9      | Found Reppua's Antique Weapon Emporium.
  8930 | D:9      | Found Zyubilim's Antique Weapon Emporium.
  8942 | D:9      | Found an ancient bone altar of Kikubaaqudgha.
  8953 | D:9      | Reached ***** piety under Sif Muna
  8960 | D:9      | Reached skill level 5 in Fire Magic
  9037 | D:9      | Noticed a two-headed ogre
  9037 | D:9      | Noticed a two-headed ogre
  9054 | D:9      | Killed a two-headed ogre
  9058 | D:9      | Killed a two-headed ogre
  9185 | D:9      | Identified the +1 robe of Makhleb's Favour {rPois Str+2}
  9348 | D:9      | Reached XP level 11. HP: 79/79 MP: 28/28
  9351 | D:9      | Learned a level 2 spell: Scorch
  9356 | D:9      | Learned a level 4 spell: Flame Wave
  9534 | D:9      | Found Dyzuqaz's Weapon Shop.
  9615 | D:9      | Learned a level 4 spell: Sticky Flame
  9642 | D:9      | Identified the of Xymikh (Sif Muna gifted it to you on
                  | level 9 of the Dungeon)
  9642 | D:9      | Received a gift from Sif Muna
  9643 | D:9      | Reached skill level 1 in Conjurations
  9920 | D:9      | Found a basalt altar of Yredelemnul.
 10088 | D:10     | Entered Level 10 of the Dungeon
 10213 | D:10     | Found a blossoming altar of Fedhas.
 10332 | D:10     | Reached skill level 5 in Conjurations
 10358 | D:10     | Found a snail-covered altar of Cheibriados.
 11004 | D:10     | Found an ornate altar of the Wu Jian Council.
 11213 | D:11     | Noticed Psyche
 11220 | D:11     | Killed Psyche
 11357 | D:11     | Noticed Nergalle
 11399 | D:11     | Killed Nergalle
 11432 | D:11     | Found a runed translucent gate.
 11432 | D:11     | Found a runed translucent gate.
 11432 | D:11     | Noticed a nine-headed hydra
 11432 | D:11     | Noticed a 12-headed hydra
 11433 | D:11     | Found a runed translucent gate.
 11433 | D:11     | Noticed hattop's ghost (journeyman DrIE)
 11476 | D:11     | Reached XP level 12. HP: 86/86 MP: 29/29
 11943 | D:11     | Learned a level 3 spell: Ignite Poison
 12012 | Lair:1   | Entered Level 1 of the Lair of Beasts
 12750 | Lair:2   | Identified the "Rutuheuss" (Sif Muna gifted it to you on
                  | level 2 of the Lair of Beasts)
 12750 | Lair:2   | Received a gift from Sif Muna
 12944 | Lair:2   | Found a hole to the Spider Nest.
 13538 | Lair:2   | Upgraded the game from 0.31-a0-925-g0a390f2509 to
                  | 0.31-a0-931-g7b59d4eb97
 13743 | Lair:2   | Reached skill level 5 in Evocations
 13750 | Lair:2   | Gained mutation: You are strongly in touch with the powers
                  | of death. [Mummy growth]
 13750 | Lair:2   | Reached XP level 13. HP: 67/91 MP: 28/30
 14208 | Lair:3   | Found a staircase to the Shoals.
 14468 | Lair:3   | Reached skill level 10 in Fire Magic
 14554 | Lair:3   | Identified the of Vufoch (Sif Muna gifted it to you on
                  | level 3 of the Lair of Beasts)
 14554 | Lair:3   | Received a gift from Sif Muna
 14562 | Lair:3   | Learned a level 5 spell: Fireball
 15185 | Lair:4   | Identified the of Hirgh
 15350 | Lair:4   | Reached skill level 1 in Invocations
 15424 | Lair:4   | Reached skill level 14 in Spellcasting
 15671 | Lair:4   | Reached ****** piety under Sif Muna
 16308 | Lair:4   | Reached XP level 14. HP: 84/88 MP: 20/32
 16646 | Lair:5   | Entered Level 5 of the Lair of Beasts
 16652 | Lair:5   | Found a gate leading to a gauntlet.
 16680 | Gauntlet | Entered a Gauntlet
 16680 | Gauntlet | Found a transporter.
 16680 | Gauntlet | Found a transporter.
 16689 | Gauntlet | Found a transporter.
 16689 | Gauntlet | Found a transporter.
 16698 | Gauntlet | Found a transporter.
 16721 | Gauntlet | Found the +8 demon blade "Leech" {evervamp, Harm Drain rN+}
 16723 | Gauntlet | Found a transporter.
 16727 | Gauntlet | Found a transporter.
 16727 | Gauntlet | Found a transporter.
 16751 | Gauntlet | Found a transporter.
 16758 | Gauntlet | Found a transporter.
 16770 | Gauntlet | Found a transporter.
 16790 | Gauntlet | Found a transporter.
 16823 | Gauntlet | Found a transporter.
 16839 | Gauntlet | Found a transporter.
 16940 | Gauntlet | Found a transporter.
 16961 | Gauntlet | Found a transporter.
 17091 | Gauntlet | Reached skill level 5 in Invocations
 17202 | Gauntlet | HP: 4/98 [goliath frog[a glowing orange brain] (7)]
 17202 | Gauntlet | Splashed by a goliath frog's acid

Illustrated notes

Levels and vault maps discovered:
D:1:      mrwooster_arrival_statue, layout_basic
D:2:      layout_basic, uniq_robin, uniq_natasha
D:3:      layout_basic, nicolae_sif_muna_condensation,
          shapermc_ecumenical_altar_totnotflames, minmay_misc_feat_chi,
          minmay_misc_feat_columns, small_statue_intersection,
          minmay_lizard_king
D:4:      layout_loops_ring, nemelex_xobeh_ov_fountains_minmay
D:5:      cheibrodos_barr_body, layout_rooms, mainiacjoe_overflow_paths,
          trog_ov_bears_minmay, nicolae_vehumet_altar_sigil,
          mainiacjoe_overflow_24_doors, mainiacjoe_overflow_alcove_2,
          uniq_blork_the_orc, uniq_ijyb, uniq_duvessa, uniq_crazy_yiuf_cottage
D:6:      layout_gridville, nicolae_gozag_seed_capital
D:7:      layout_rooms, regret_index_temple_of_mockery,
          mainiacjoe_overflow_catwalk, general_overflow_altar,
          lemuel_round_altar, lemuel_doored_altar,
          nicolae_uskayaw_murder_on_the_dancefloor,
          minmay_temple_entry_butterflies, enter_bailey_5, minivault_4,
          uniq_jeremiah, uniq_pikel, uniq_prince_ribbit1
D:8:      layout_loops_cross, uniq_erica, uniq_gastronok
D:9:      kennysheep_blocky_hall, layout_loops_ring,
          mainiacjoe_overflow_brackets, nicolae_yredelemnul_corpse_copse,
          nicolae_ru_great_annihilating_truth, serial_shops, shop,
          nicolae_shop_stone, nicolae_shop_bloodbath_and_beyond,
          nicolae_square_shop, nicolae_shop_tiny_waterfront,
          kennysheep_opposing_triangles
D:10:     layout_roguey, marbit_many_paths, fedhas_bush_and_centaur_altar,
          cheibriados_altar_1, nicolae_twisty_statue_hallways
D:11:     layout_big_octagon, gammafunk_ghost_hydra_chop, minmay_holes,
          hangedman_decor_riveting, uniq_psyche, uniq_nergalle
Lair:1:   layout_chaotic_city, lemuel_fruit_fields
Lair:2:   regret_index_combs_of_tragedy, layout_regular_city,
          spider_nest_entry_a, nicolae_lair_grove_arrangements, st_stairs_8
Lair:3:   layout_regular_city, minmay_shoals_entry_beasts,
          infiniplex_staircase_pool, grunt_megastairs_5, serial_bayou_shore_a
Lair:4:   layout_loops_ring, lemuel_fruit_tree, lemuel_fruit_fields
Lair:5:   hangedman_lair_tendril_chambers, layout_cave_pods, wormcave,
          slime_entry_1, gauntlet_entry_generic, infiniplex_staircase_pool_2,
          serial_bayou_shore_b
Gauntlet: gammafunk_gauntlet_branching [nicolae_gauntlet_arena_blocks,
          nicolae_gauntlet_arena_quarters, gammafunk_gauntlet_arena_corners,
          gammafunk_gauntlet_arena_split_diamond,
          gammafunk_gauntlet_arena_split_x, gammafunk_gauntlet_arena_chambers,
          nicolae_gauntlet_arena_grate_2, gammafunk_gauntlet_arena_arrow_garden,
          dreamdust_gauntlet_exit_labyrinth]

Skill      XL: |  1  2  3  4  5  6  7  8  9 10 11 12 13 14 |
---------------+-------------------------------------------+-----
Necromancy     | 5 6 7 8 9 |  9.3
Spellcasting   | 4 6 10 12 13 14 | 14.6
Fighting       | 1 4 5 |  5.0
Evocations     | 3 5 7 |  7.0
Fire Magic     | 6 7 9 10 | 10.7
Conjurations   | 6 9 |  9.7
Invocations    | 4 5 |  5.0
Dodging        | |  1.5
Stealth        | |  1.5

Action                     |  1- 3 |  4- 6 |  7- 9 | 10-12 | 13-15 || total
---------------------------+-------+-------+-------+-------+-------++-------
  Melee: Unarmed           |     8 |       |       |       |       ||     8
         Short sword       |       |       |   267 |   173 |       ||   440
         Punch             |       |       |     8 |       |       ||     8
         Staff             |       |       |       |   117 |    82 ||   199
   Fire: Sling             |    31 |   103 |   141 |       |       ||   275
   Cast: Necrotise         |    46 |    75 |   131 |    21 |       ||   273
         Vampiric Draining |       |     2 |    33 |   124 |    33 ||   192
         Cigotuvi's Dreadf |       |       |     3 |     1 |     5 ||     9
         Agony             |       |       |     7 |     9 |       ||    16
         Flame Wave        |       |       |       |    45 |    38 ||    83
         Scorch            |       |       |       |    31 |    25 ||    56
         Sticky Flame      |       |       |       |    25 |    19 ||    44
         Fireball          |       |       |       |       |    35 ||    35
 Invoke: Channel Magic     |       |       |       |       |     1 ||     1
  Evoke: Wand              |       |       |     3 |     5 |     7 ||    15
    Use: Scroll            |       |     4 |     5 |     4 |     2 ||    15
   Stab: Sleeping          |       |       |     9 |     3 |       ||    12
         Paralysed         |       |       |       |     1 |       ||     1
 Armour: Robe              |    30 |    63 |   400 |   565 |   241 ||  1299
  Dodge: Dodged            |    33 |    62 |   372 |   432 |   149 ||  1048

Table legend: (Time is in decaauts)
 A = Elapsed time spent in this place.
 B = Non-inter-level travel time spent in this place.
 C = Inter-level travel time spent in this place.
 D = Time resting spent in this place.
 E = Time spent auto-exploring this place.
 F = Levels seen in this place.
 G = Mean time per level.
                   A        B        C        D        E       F      G
               +--------+--------+--------+--------+--------+-----+--------+
         Total |  17376 |  16275 |   1101 |    316 |  10368 |  18 |  965.3 |
       Dungeon |  11734 |  11147 |    587 |    260 |   7814 |  11 | 1066.7 |
          Lair |   4716 |   4203 |    513 |     39 |   2203 |   5 |  943.2 |
        Bailey |    394 |    394 |      0 |     17 |     65 |   1 |  394.0 |
      Gauntlet |    529 |    529 |      0 |      0 |    286 |   1 |  529.0 |
               +--------+--------+--------+--------+--------+-----+--------+

Top non-repeatable levels by time:
     D:5: 1691 daAuts
     D:9: 1457 daAuts
  Lair:4: 1411 daAuts
  Lair:2: 1403 daAuts
     D:3: 1179 daAuts
  Lair:3: 1177 daAuts
     D:7: 1171 daAuts
    D:10: 1079 daAuts
     D:1: 1063 daAuts
     D:2: 892 daAuts
     D:8: 847 daAuts
    D:11: 812 daAuts
     D:6: 804 daAuts
     D:4: 736 daAuts
  Lair:1: 687 daAuts
